 Dungeon Crawl Stone Soup version 0.23.2-1-ga50397a (webtiles) character file.

Game seed: 6213294539273976770

680 MalarOregon the Poker (level 7, -1/55 HPs)
             Began as a Merfolk Fighter on May 20, 2019.
             Slain by a bullfrog skeleton (5 damage)
             ... on level 4 of the Dungeon.
             The game lasted 00:05:16 (3551 turns).

MalarOregon the Poker (Merfolk Fighter)             Turns: 3551, Time: 00:05:17

Health: -1/55      AC: 13    Str: 18    XL:     7   Next: 60%
Magic:  7/7        EV:  3    Int:  7    God:
Gold:   253        SH: 10    Dex: 14    Spells: 6/6 levels left

rFire    . . .     SeeInvis .   a - +0 trident
rCold    . . .     Gourm    .   c - +0 shield
rNeg     . . .     Faith    .   o - +0 plate armour
rPois    .         Spirit   .   (no helmet)
rElec    .         Reflect  .   n - +0 cloak
rCorr    .         Harm     .   (no gloves)
MR       .....                  s - +0 pair of boots (curse)
Stlth    ..........             (no amulet)
HPRegen  0.18/turn              (no ring)
MPRegen  0.10/turn              (no ring)

@: no status effects
A: change form in water, swift swim, stealthy swim
a: no special abilities


You were on level 4 of the Dungeon.
You were hungry.

You visited 1 branch of the dungeon, and saw 4 of its levels.

You collected 253 gold pieces.

Inventory:

Hand Weapons
 a - a +0 trident (weapon)
Missiles
 k - 8 tomahawks of returning (quivered)
Armour
 c - a +0 shield (worn)
 n - a +0 cloak (worn)
   (You found it on level 2 of the Dungeon)
 o - a +0 plate armour (worn)
   (You found it on level 2 of the Dungeon)
 s - a cursed +0 pair of boots (worn)
   (You found it on level 3 of the Dungeon)
Jewellery
 j - an uncursed ring of wizardry {unknown}
   (You found it on level 1 of the Dungeon)
Scrolls
 b - a scroll of magic mapping {unknown}
 i - 2 scrolls of random uselessness {unknown}
 m - 4 scrolls of identify {unknown}
 p - a scroll of amnesia {unknown}
 q - 3 scrolls of teleportation {unknown}
 r - a scroll of enchant armour {unknown}
 t - 3 scrolls of remove curse {unknown}
Potions
 d - 2 potions of might
 h - a potion of lignification {unknown}
 u - a potion of brilliance {unknown}
Comestibles
 e - 10 rations {!d}


   Skills:
 + Level 4.8 Fighting
 * Level 7.4 Polearms
 + Level 3.3 Armour
 * Level 5.3 Shields


You had 6 spell levels left.
You didn't know any spells.
Your spell library contained the following spells:

 Spells                   Type           Power        Failure   Level  Hunger
 Animate Skeleton         Necr           N/A          100%        1    ##.....
 Apportation              Tloc           #.....       100%        1    ##.....
 Confusing Touch          Hex            #.....       100%        1    ##.....
 Summon Small Mammal      Summ           #...         100%        1    ##.....
 Confuse                  Hex            #.......     100%        3    ####...
 Gell's Gravitas          Tloc           #.........   100%        3    ####...
 Petrify                  Tmut/Erth      #.......     100%        4    #####..
 Metabolic Englaciation   Hex/Ice        #.........   100%        5    ######.
 Yara's Violent Unravell  Hex/Tmut       #.........   100%        5    ######.


Dungeon Overview and Level Annotations

Branches:
Dungeon (4/15)
 Temple: D:4-7

Altars:
Fedhas
Trog

Annotations:
D:2 Sigmund


Message History

All of the chunks of flesh in your inventory have rotted away.
You hit the orc. The bullfrog skeleton hits you.
Your plate armour prevents you from hitting the orc.
The bullfrog skeleton hits you but does no damage.
The orc hits you but does no damage.
The bullfrog skeleton hits you but does no damage.
Unknown command.
Your plate armour prevents you from hitting the orc.
The bullfrog skeleton hits you but does no damage.
The orc hits you but does no damage.
You closely miss the orc. The bullfrog skeleton hits you.
The orc priest miscasts a cantrip.
The orc hits you but does no damage.
You block the bullfrog skeleton's attack.
You puncture the orc!
You kill the orc!
The bullfrog skeleton hits you but does no damage.
You closely miss the worker ant.
The bullfrog skeleton hits you but does no damage.
You block the worker ant's attack.
You hit the worker ant.
The bullfrog skeleton hits you but does no damage.
The orc priest mumbles some strange prayers to Beogh against you.
Beogh smites you!
* * * LOW HITPOINT WARNING * * *
The worker ant bites you but does no damage.
Attack whom?
Aim: an orc priest You reach to attack!
You puncture the orc priest! The bullfrog skeleton hits you.
* * * LOW HITPOINT WARNING * * *
You block the worker ant's attack.
The orc priest looks satisfied for a moment.
The bullfrog skeleton hits you.
* * * LOW HITPOINT WARNING * * *
Attack whom?
Aim: an orc priest (severely wounded)
The worker ant is in the way.
Your shield and plate armour prevent you from hitting the worker ant.
The worker ant bites you but does no damage.
The bullfrog skeleton hits you.
* * * LOW HITPOINT WARNING * * *
You feel better.
The worker ant bites you but does no damage.
The bullfrog skeleton hits you but does no damage.
The worker ant bites you.
* * * LOW HITPOINT WARNING * * *
It was a potion of magic.
Magic courses through your body. The bullfrog skeleton hits you.
You die...

##..........####+####.####
#..........#.....[...#
######.....#..........
#..............#
######.........#
#.........# #########
#.........# ........#
#....Z##.... #######.#
#####@# ... ....# #.# #a#
###.# #.# #o# ###.# #.#
#.# ....# #.# #..
#######.# #.. ........#
#.. ######### #...


You could see a worker ant, an orc priest and a bullfrog skeleton.

Vanquished Creatures
  A phantom (D:4)
  A centaur (D:3)
  A scorpion (D:4)
  2 howler monkeys (D:4)
  A hound (D:2)
  An orc priest (D:4)
  2 orc wizards (D:4)
  2 worker ants (D:4)
  6 adders
  An ooze (D:3)
  An adder skeleton (D:3)
  3 worms
  3 dart slugs
  5 leopard geckos
  17 orcs
  2 ball pythons
  4 giant cockroaches
  7 goblins
  9 hobgoblins
  14 jackals
  14 kobolds
  4 quokkas
  14 bats
  6 frilled lizards
  26 rats
147 creatures vanquished.

Vanquished Creatures (others)
  A wizard (D:4)
1 creature vanquished.

Grand Total: 148 creatures vanquished

Notes
Turn   | Place    | Note
-------+----------+-------------------------------------------
     0 | D:1      | MalarOregon the Merfolk Fighter began the quest for the
                  | Orb.
     0 | D:1      | Reached XP level 1. HP: 18/18 MP: 1/1
    88 | D:1      | Reached XP level 2. HP: 24/24 MP: 2/2
   248 | D:1      | Reached XP level 3. HP: 29/29 MP: 3/3
   434 | D:1      | Reached skill level 4 in Polearms
   818 | D:2      | Reached XP level 4. HP: 28/36 MP: 4/4
   910 | D:2      | Found a blossoming altar of Fedhas.
   979 | D:2      | Noticed Sigmund
  1173 | D:2      | Reached XP level 5. HP: 37/42 MP: 5/5
  1659 | D:3      | Reached skill level 5 in Polearms
  1795 | D:3      | Noticed a centaur
  1812 | D:3      | Killed a centaur
  1812 | D:3      | Reached XP level 6. HP: 23/48 MP: 6/6
  2447 | D:3      | Reached skill level 6 in Polearms
  2992 | D:4      | Noticed a phantom
  3032 | D:4      | Killed a phantom
  3032 | D:4      | Reached skill level 5 in Shields
  3032 | D:4      | Reached XP level 7. HP: 37/55 MP: 7/7
  3317 | D:4      | Reached skill level 7 in Polearms
  3401 | D:4      | Found a bloodstained altar of Trog.
  3431 | D:4      | Noticed a wizard
  3437 | D:4      | Killed a wizard
  3551 | D:4      | Slain by a bullfrog skeleton

Skill      XL: |  1  2  3  4  5  6  7 |
---------------+----------------------+-----
Polearms       | 4 5 6 7 |  7.4
Shields        | 4 5 |  5.3
Fighting       | 4 |  4.8
Armour         | 3 |  3.3

Action                   |  1- 3 |  4- 6 |  7- 9 || total
-------------------------+-------+-------+-------++-------
Melee: Trident           |   101 |   404 |    77 ||   582
  Use: Potion            |       |     1 |     2 ||     3
  Eat: Chunk             |       |     8 |     1 ||     9
Armor: Scale mail        |    27 |    30 |       ||    57
       Plate armour      |       |   140 |    44 ||   184
Dodge: Dodged            |    20 |    55 |     3 ||    78
Block: Shield            |    33 |   158 |    25 ||   216
